AoeStats
← [KMNB] Bandeira

African Clearing

505729766Analyzed
3v3 RM · 23d ago on Sep 10, 2026· 64m 17s· 6 players
Game mode
Random Map
Map size
Normal (6 player)
Population
200
Speed
Normal
Resources
Standard
Victory
Conquest
Starting age
Dark Age
Ending age
Imperial Age
RankedLock teamsTeams togetherTeam positionsShared explorationLock speedFull tech treeHidden civsTurbo modeCheats
Victory
Defeat
🇧🇷 Huns · Brazil
1558
+19
🇧🇷 Persians · Brazil
1529
+20
🇧🇷 Magyars · Brazil
1527
+20
🇩🇪 Berbers · Germany
1635
-20
🇩🇪 Persians · Germany
1633
-21
🇩🇪 Chinese · Germany
1575
-18
[KMNB] Dedão
4:24 Loom
7:00 Loom
12:14 Feudal Age
13:09 Double-Bit Axe
14:59 Horse Collar
15:55 Scale Barding Armor
19:03 Wheelbarrow
21:49 Castle Age
21:05 Scale Barding Armor
21:13 Bloodlines
20:56 Gold Mining
22:54 Chain Barding Armor
23:25 Husbandry
27:26 Hand Cart
28:49 Heavy Plow
30:42 Bow Saw
31:05 Town Watch
33:04 Light Cavalry
40:22 Imperial Age
38:43 Thumb Ring
38:33 Fletching
39:59 Bodkin Arrow
40:52 Padded Archer Armor
42:06 Chemistry
41:34 Parthian Tactics
42:53 Ballistics
45:41 Bracer
49:31 Cavalier
51:56 Two-Man Saw
52:34 Plate Barding Armor
53:12 Gold Shaft Mining
52:28 Stone Mining
52:22 Paladin
56:32 Town Patrol
59:21 Conscription
58:52 Heavy Cavalry Archer
62:01 Leather Archer Armor
63:42 Ring Archer Armor
64:16 Murder Holes
64:33 Masonry
64:05 Hussar
[KMNB] Bandeira
3:28 Loom
12:03 Feudal Age
13:50 Double-Bit Axe
16:14 Forging
16:09 Scale Barding Armor
28:05 Castle Age
27:19 Bloodlines
27:05 Gold Mining
42:17 Wheelbarrow
43:04 Horse Collar
44:10 Pikeman
44:50 Squires
46:36 Scale Mail Armor
48:03 Arson
48:06 Gambesons
52:45 Imperial Age
51:35 Chain Mail Armor
52:13 Iron Casting
53:01 Halberdier
53:59 Gambesons
54:37 Conscription
55:43 Blast Furnace
56:29 Plate Mail Armor
55:54 Light Cavalry
57:25 Chain Barding Armor
56:56 Fletching
58:15 Cavalier
59:26 Savar
62:39 Plate Barding Armor
Fs.Khronos
2:53 Loom
11:36 Feudal Age
12:04 Double-Bit Axe
14:30 Fletching
22:00 Castle Age
20:29 Gold Mining
22:25 Padded Archer Armor
22:43 Bodkin Arrow
26:57 Horse Collar
27:32 Bow Saw
30:02 Wheelbarrow
35:36 Ballistics
35:32 Leather Archer Armor
36:14 Heavy Plow
37:31 Thumb Ring
38:44 Hand Cart
41:04 Imperial Age
40:34 Town Watch
40:58 Scale Barding Armor
41:03 Forging
41:47 Bracer
42:50 Chemistry
42:17 Parthian Tactics
43:07 Conscription
43:49 Two-Man Saw
42:55 Heavy Cavalry Archer
47:21 Coinage
47:43 Chain Barding Armor
47:33 Forging
47:26 Husbandry
47:36 Bloodlines
48:03 Gold Shaft Mining
47:19 Stone Mining
52:53 Banking
55:34 Plate Barding Armor
55:34 Iron Casting
54:20 Light Cavalry
57:05 Hussar
58:46 Blast Furnace
61:56 Capped Ram
64:00 Siege Ram
[KO19] Davide
10:17 Loom
13:33 Feudal Age
17:04 Castle Age
14:59 Double-Bit Axe
15:16 Horse Collar
18:14 Bow Saw
24:55 Wheelbarrow
27:22 Scale Barding Armor
27:51 Husbandry
28:02 Bloodlines
28:37 Chain Barding Armor
31:13 Forging
31:04 Gold Mining
34:22 Imperial Age
33:05 Iron Casting
33:56 Fletching
34:27 Heavy Camel Rider
35:46 Plate Barding Armor
36:20 Conscription
35:58 Cavalier
39:34 Coinage
42:16 Bodkin Arrow
43:23 Blast Furnace
46:17 Bodkin Arrow
46:23 Padded Archer Armor
45:50 Light Cavalry
47:01 Bracer
48:30 Ballistics
49:11 Chemistry
48:36 Hussar
50:20 Leather Archer Armor
50:37 Kasbah
51:50 Gold Shaft Mining
52:05 Ring Archer Armor
53:05 Maghrebi Camels
53:25 Elite Camel Archer
54:50 Thumb Ring
56:27 Hand Cart
[KO19] Tony
8:49 Loom
11:01 Feudal Age
12:06 Double-Bit Axe
16:17 Forging
22:45 Fletching
24:40 Scale Mail Armor
44:43 Castle Age
43:40 Horse Collar
44:54 Town Watch
45:34 Bow Saw
46:04 Wheelbarrow
46:13 Heavy Plow
49:41 Ballistics
54:54 Bodkin Arrow
56:28 Caravan
57:05 Bloodlines
56:55 Husbandry
59:55 Imperial Age
57:56 Masonry
58:42 Bloodlines
58:34 Husbandry
59:30 Scale Barding Armor
60:00 Iron Casting
59:40 Heavy Camel Rider
60:44 Chain Barding Armor
61:14 Conscription
63:02 Hand Cart
[KO19] Westequator
3:32 Loom
12:57 Feudal Age
17:12 Castle Age
15:30 Horse Collar
22:16 Double-Bit Axe
27:36 Bow Saw
29:20 Fletching
35:56 Imperial Age
45:13 Caravan
58:39 Ballistics
59:20 Chemistry
59:22 Conscription
60:41 Bodkin Arrow
60:47 Padded Archer Armor
61:24 Fortified Wall
62:42 Elite Chu Ko Nu
Connection lost

Rejoining the realm…

Still unreachable

The connection could not be restored.

Session expired

The server has moved on; the page needs a fresh start.